 Dungeon Crawl Stone Soup version 0.20-a0-909-g1a4ba80 (webtiles) character file.

24868 Duffy the Jinx (level 12, 65/65 HPs)
             Began as a Spriggan Enchanter on Mar 23, 2017.
             Was a High Priest of Dithmenos.
             Quit the game on level 4 of the Lair of Beasts.
             The game lasted 00:27:32 (16751 turns).

Duffy the Jinx (Spriggan Enchanter)                Turns: 16751, Time: 00:27:33

Health: 65/65      AC: 11    Str:  4    XL:     12   Next: 84%
Magic:  9/27       EV: 27    Int: 16    God:    Dithmenos [*****.]
Gold:   1002       SH: 14    Dex: 26    Spells: 18/31 levels left

rFire    + . .     SeeInvis +   u - +2 dagger (speed)
rCold    . . .     Gourm    .   P - +0 troll leather armour
rNeg     . . .     Faith    .   e - +0 buckler
rPois    .         Spirit   .   H - +2 hat
rElec    .         Reflect  +   W - +4 cloak of Pride {+Fly}
rCorr    .         Harm     .   (gloves unavailable)
MR       ++...     Clarity  +   (boots unavailable)
Stlth    ++++++++..             I - +5 amulet of reflection
Regen    0.6/turn               J - +2 ring of dexterity
MPRegen  0.2/turn               h - +2 ring of dexterity

@: wreathed by umbra, very quick
A: unfitting armour, horns 1, see invisible, clarity, fire resistance 1,
herbivore 3, speed 3, screaming 1, slow metabolism 2, subdued magic 1
a: Shadow Step, Shadow Form, Renounce Religion, Evoke Flight


You were on level 4 of the Lair of Beasts.
You worshipped Dithmenos.
Dithmenos was extremely pleased with you.
You were full.

You visited 3 branches of the dungeon, and saw 17 of its levels.
You visited the Abyss 1 time.

You collected 1002 gold pieces.

Inventory:

Hand Weapons
 a - a +1 dagger
 u - a +2 dagger of speed (weapon)
 M - a +0 dagger of holy wrath
 U - a +0 blowgun
 V - a +2 rapier of freezing
Missiles
 w - 4 throwing nets (quivered)
 E - 6 curare-tipped needles
Armour
 e - a +0 buckler (worn)
 H - a +2 hat (worn)
 P - a +0 troll leather armour (worn)
 W - the +4 cloak of Pride (worn) {+Fly}
   (You found it on level 3 of the Lair of Beasts)

   It lets you fly.
Jewellery
 b - an uncursed ring of resist corrosion
 h - a +2 ring of dexterity (left hand)
 I - a +5 amulet of reflection (around neck)
 J - a +2 ring of dexterity (right hand)
 K - an uncursed ring of ice
 N - an uncursed ring of fire
 T - an uncursed ring of positive energy
Wands
 x - a wand of iceblast (3/15)
 O - a wand of paralysis (13/24)
 S - a wand of confusion (11/48)
 X - a wand of iceblast (5/15)
Scrolls
 j - 4 scrolls of recharging
 p - 9 scrolls of amnesia
 q - 9 scrolls of remove curse {unknown}
 r - 10 scrolls of teleportation {unknown}
 s - 2 scrolls of immolation {unknown}
 y - 2 scrolls of enchant armour {unknown}
 A - 3 scrolls of blinking {unknown}
 C - 5 scrolls of magic mapping {unknown}
 D - 5 scrolls of enchant weapon {unknown}
Potions
 g - a potion of haste
 k - 7 potions of curing
 l - 2 potions of cancellation
 n - a potion of flight
 o - 2 potions of heal wounds
 t - 3 potions of might
 v - 3 potions of brilliance
 z - 2 potions of agility
 F - 2 potions of ambrosia
 Q - 2 potions of resistance
 R - a potion of magic {unknown}
Books
 c - a book of Maledictions

   Spells                             Type                      Level
   a - Corona                         Hexes                        1
   b - Ensorcelled Hibernation        Hexes/Ice                    2
   c - Confuse                        Hexes                        3
   d - Tukima's Dance                 Hexes                        3
   e - Dazzling Spray                 Conjuration/Hexes            3
 f - a book of Misfortune

   Spells                             Type                      Level
   a - Confusing Touch                Hexes                        1
   b - Confuse                        Hexes                        3
   c - Gell's Gravitas                Translocation                3
   d - Petrify                        Transmutation/Earth          4
   e - Metabolic Englaciation         Hexes/Ice                    5
   f - Yara's Violent Unravelling     Hexes/Transmutation          5
 i - a book of Cantrips

   Spells                             Type                      Level
   a - Confusing Touch                Hexes                        1
   b - Animate Skeleton               Necromancy                   1
   c - Summon Small Mammal            Summoning                    1
   d - Apportation                    Translocation                1
 B - a book of Maledictions

   Spells                             Type                      Level
   a - Corona                         Hexes                        1
   b - Ensorcelled Hibernation        Hexes/Ice                    2
   c - Confuse                        Hexes                        3
   d - Tukima's Dance                 Hexes                        3
   e - Dazzling Spray                 Conjuration/Hexes            3
Miscellaneous
 L - a phantom mirror
Comestibles
 d - 7 bread rations
 m - 22 fruits
 G - 6 royal jellies


   Skills:
 + Level 8.8 Fighting
 - Level 8.0 Short Blades
 + Level 10.3 Dodging
 - Level 10.5 Stealth
 + Level 6.8 Shields
 - Level 10.0 Spellcasting
 - Level 12.0 Hexes


You had 18 spell levels left.
You knew the following spells:

 Your Spells              Type           Power        Failure   Level  Hunger
a - Ensorcelled Hibernat  Hex/Ice        ###...       1%          2    None
c - Confuse               Hex            #####...     1%          3    None
j - Apportation           Tloc           #.....       14%         1    None
k - Dazzling Spray        Conj/Hex       ###...       3%          3    None
l - Tukima's Dance        Hex            #####...     1%          3    None
r - Corona                Hex            #####..      1%          1    None


Dungeon Overview and Level Annotations

Branches:
Dungeon (10/15)            Temple (1/1) D:5            Lair (6/6) D:10
 Shoals (0/4) Lair:2          Orc (0/2) D:9
  Snake: Lair:2-4    Spider: Lair:2-4     Slime: Lair:5-6

Altars:
Ashenzari
Cheibriados
Dithmenos
Elyvilon
Fedhas
Gozag
Hepliaklqana
Kikubaaqudgha
Makhleb
Nemelex Xobeh
Okawaru
Qazlal
Ru
Sif Muna
Trog
Uskayaw
Vehumet
Wu Jian
Xom
Yredelemnul
Zin
The Shining One

Shops:
D:6 }   D:10 (

Annotations:
Lair:1 exclusion: oklob plant


Innate Abilities, Weirdness & Mutations

You are very small and have problems with some larger weapons.
You are too small for most types of armour.
You have supernaturally acute eyesight. (SInv)
You are a herbivore.
You cover ground extremely quickly.
You need consume almost no food.
You have a pair of small horns on your head.
You possess an exceptional clarity of mind.
Your flesh is heat resistant. (rF+)
You occasionally shout uncontrollably at your foes.
Your spells are a little easier to cast, but a little less powerful.


Message History

The bullfrog resists with some effort.
You block the water moccasin's attack.
The bullfrog hits the komodo dragon but does no damage.
You hit the bullfrog.
The bullfrog is moderately wounded.
You block the water moccasin's attack.
The bullfrog hits the crocodile.
You hit the bullfrog.
The bullfrog is moderately wounded.
You strike the helpless bullfrog from behind!
You perforate the bullfrog like a sieve!!!
You kill the bullfrog!
Dithmenos accepts your kill. The water moccasin bites you.
You hit the crocodile but do no damage.
You headbutt the crocodile, but do no damage.
The crocodile is moderately wounded.
The water moccasin closely misses you.
You hit the crocodile but do no damage.
The crocodile is moderately wounded.
The crocodile completely misses you.
Are you sure you want to abandon this character and quit the game? (Confirm with "yes".)

....# ##... #####
...# ...P
#...P##..## ...##
.........P# #...#
.........# #... ..#
........l#### #).#
...#
..#...#.t#..###..#
#>.#
######S@.......#
#..# ##.........##
#..#
#...#####P..####....
###...# #..P.#.##...
#....## ##.........#
##...P# #...###.#..#
##..## ##.## ###..#
##..# ##..# #...#
#P..# #P.## ##..#


You could see a komodo dragon, a water moccasin and a crocodile.

Vanquished Creatures
  5 hydras
  2 centaur warriors (D:10)
  A two-headed ogre (D:9)
  An unseen horror (D:8)
  A wizard (D:10)
  The ghost of Daviar the Covert, a novice SpAs (D:6)
  A black mamba (Lair:2)
  6 spiny frogs
  A centaur skeleton (D:10)
  5 komodo dragons
  2 trolls (D:10)
  A hornet (D:10)
  Prince Ribbit (Lair:2)
  2 blink frogs (Lair:2)
  2 dream sheep (D:10)
  9 hippogriffs
  18 yaks
  A small abomination (Abyss:2)
  A wyvern (D:9)
  A hungry ghost (D:9)
  Grum (D:8)
  2 basilisks
  3 fire bats (Lair:3)
  A fire elemental (Lair:3)
  6 water moccasins
  5 porcupines
  Duvessa (D:4)
  An ice beast (D:8)
  3 orc warriors
  A phantom (D:5)
  4 ogres
  3 wolves
  7 necrophages (Lair:2)
  8 centaurs
  7 crocodiles
  12 bullfrogs
  3 big kobolds (D:10)
  2 scorpions
  Dowan (D:4)
  An electric eel (Lair:3)
  8 crimson imps
  4 howler monkeys
  A centaur zombie (D:7)
  4 orc priests
  3 hounds
  3 bullfrog zombies
  7 jellies
  14 orc wizards
  A bullfrog skeleton (D:4)
  4 iguanas
  6 worker ants
  A hound zombie (D:7)
  6 gnolls
  7 adders
  5 shadow imps
  An ooze (D:1)
  An adder zombie (D:8)
  An adder skeleton (D:5)
  4 worms
  2 dart slugs
  A leopard gecko (D:9)
  43 orcs
  7 giant cockroaches
  7 goblins
  3 hobgoblins
  3 jackals (D:3)
  3 quokkas
  A ball python (D:1)
  3 bats
  5 frilled lizards
  A giant cockroach zombie (D:5)
  A jackal zombie (D:8)
  10 kobolds
  5 rats (D:2)
  A fungus (D:6)
311 creatures vanquished.

Vanquished Creatures (collateral kills)
  A gnoll sergeant (D:10)
  2 gnolls (D:10)
3 creatures vanquished.

Vanquished Creatures (others)
  2 centaurs (Lair:2)
  2 plants (D:10)
4 creatures vanquished.

Grand Total: 318 creatures vanquished

Notes
Turn   | Place    | Note
-------+----------+-------------------------------------------
     0 | D:1      | Duffy the Spriggan Enchanter began the quest for the Orb.
     0 | D:1      | Reached XP level 1. HP: 9/9 MP: 5/5
    85 | D:1      | Reached XP level 2. HP: 13/13 MP: 6/6
    89 | D:1      | Learned a level 2 spell: Ensorcelled Hibernation
   280 | D:1      | Reached skill level 5 in Stealth
   991 | D:1      | Reached XP level 3. HP: 8/16 MP: 8/8
  1828 | D:1      | Learned a level 3 spell: Confuse
  2428 | D:3      | Reached XP level 4. HP: 8/21 MP: 9/9
  3421 | D:4      | Noticed Duvessa
  3421 | D:4      | Noticed Dowan
  3423 | D:4      | Killed Dowan
  3602 | D:3      | Reached XP level 5. HP: 24/24 MP: 10/10
  3641 | D:4      | Learned a level 3 spell: Tukima's Dance
  3803 | D:4      | Killed Duvessa
  3803 | D:4      | Reached skill level 4 in Hexes
  3803 | D:4      | Reached XP level 6. HP: 19/28 MP: 2/12
  5191 | D:5      | Entered Level 5 of the Dungeon
  5207 | D:5      | Found a staircase to the Ecumenical Temple.
  5216 | Temple   | Entered the Ecumenical Temple
  5508 | Temple   | Became a worshipper of Dithmenos the Shadowed
  5532 | D:5      | Reached skill level 5 in Hexes
  5684 | D:5      | Reached XP level 7. HP: 32/32 MP: 9/15
  5976 | D:5      | Reached skill level 5 in Spellcasting
  6476 | D:4      | Reached skill level 6 in Hexes
  6731 | D:6      | Found Kusk's Gadget Shoppe.
  6920 | D:6      | Noticed Daviar's ghost (novice SpAs)
  6937 | D:6      | Killed Daviar's ghost
  6937 | D:6      | Reached skill level 10 in Stealth
  6937 | D:6      | Reached skill level 7 in Hexes
  6937 | D:6      | Reached XP level 8. HP: 36/36 MP: 14/19
  6942 | D:6      | Learned a level 3 spell: Dazzling Spray
  6944 | D:6      | Learned a level 1 spell: Apportation
  7050 | D:6      | Found a snail-covered altar of Cheibriados.
  7166 | D:6      | Reached skill level 1 in Fighting
  7300 | D:6      | Reached * piety under Dithmenos
  7425 | D:5      | Found an ornate altar of the Wu Jian Council.
  7728 | D:6      | Reached skill level 8 in Hexes
  7940 | D:7      | Reached XP level 9. HP: 42/42 MP: 15/21
  9112 | D:8      | Reached ** piety under Dithmenos
  9112 | D:8      | Reached skill level 9 in Hexes
  9116 | D:8      | Noticed Grum
  9120 | D:8      | Killed Grum
  9742 | D:8      | Reached skill level 10 in Spellcasting
  9811 | D:8      | Noticed an unseen horror
  9815 | D:8      | Killed an unseen horror
  9815 | D:8      | Reached XP level 10. HP: 50/50 MP: 18/25
 10251 | D:9      | Reached skill level 10 in Hexes
 10417 | D:9      | Reached skill level 11 in Hexes
 10600 | D:9      | Noticed a two-headed ogre
 10606 | D:9      | Killed a two-headed ogre
 10624 | D:9      | Reached skill level 12 in Hexes
 10661 | D:9      | Found a staircase to the Orcish Mines.
 10766 | D:9      | Reached skill level 5 in Dodging
 10774 | D:9      | Reached *** piety under Dithmenos
 10891 | D:9      | Reached skill level 1 in Shields
 11345 | D:10     | Entered Level 10 of the Dungeon
 11403 | D:10     | Reached skill level 5 in Fighting
 11467 | D:10     | Noticed a centaur warrior
 11505 | D:10     | Killed a centaur warrior
 11793 | D:10     | Reached XP level 11. HP: 56/56 MP: 13/26
 12022 | D:10     | Noticed a three-headed hydra
 12061 | D:10     | Killed a three-headed hydra
 12066 | D:10     | Reached **** piety under Dithmenos
 12201 | D:10     | Found a staircase to the Lair.
 12306 | D:10     | Noticed a seven-headed hydra
 12309 | D:10     | Noticed a centaur warrior
 12357 | D:10     | Killed a centaur warrior
 12368 | D:10     | Noticed a centaur warrior
 12398 | D:10     | Killed a seven-headed hydra
 12490 | D:10     | Found a blossoming altar of Fedhas.
 12508 | D:10     | Found Vazarusm's Antique Weapon Shop.
 12806 | D:10     | Noticed a wizard
 12815 | D:10     | Cast into level 2 of the Abyss (a wizard)
 12846 | Abyss:2  | Noticed a tentacled starspawn
 13055 | Abyss:2  | Noticed a hellephant
 13067 | Abyss:2  | Noticed a quicksilver dragon
 13117 | Abyss:2  | Noticed a hellephant
 13138 | D:10     | Escaped the Abyss
 13151 | D:10     | Killed a wizard
 13337 | Lair:1   | Entered Level 1 of the Lair of Beasts
 13479 | Lair:1   | Noticed an oklob plant
 13542 | Lair:1   | Reached skill level 5 in Short Blades
 14047 | Lair:2   | Found a staircase to the Shoals.
 14068 | Lair:2   | Reached skill level 5 in Shields
 14072 | Lair:2   | Reached ***** piety under Dithmenos
 14076 | Lair:2   | Reached XP level 12. HP: 58/63 MP: 13/27
 14440 | Lair:2   | Gained mutation: Your flesh is cold resistant. (rC+) [potion of mutation]
 14440 | Lair:2   | Gained mutation: Your movements are slightly less encumbered by armour. (ER -2) [potion of mutation]
 14441 | Lair:2   | Lost mutation: Your flesh is cold resistant. (rC+) [potion of mutation]
 14441 | Lair:2   | Lost mutation: Your movements are slightly less encumbered by armour. (ER -2) [potion of mutation]
 14441 | Lair:2   | Gained mutation: You occasionally shout uncontrollably at your foes. [potion of mutation]
 14441 | Lair:2   | Gained mutation: Your flesh is heat resistant. (rF+) [potion of mutation]
 14441 | Lair:2   | Gained mutation: You are covered in fur. (AC +1) [potion of mutation]
 14441 | Lair:2   | Gained mutation: Your mind is acute. (Int +2) [potion of mutation]
 14442 | Lair:2   | Lost mutation: Your mind is acute. (Int +2) [potion of mutation]
 14442 | Lair:2   | Lost mutation: You are covered in fur. (AC +1) [potion of mutation]
 14442 | Lair:2   | Gained mutation: Your spells are a little easier to cast, but a little less powerful. [potion of mutation]
 14442 | Lair:2   | Gained mutation: You are agile. (Dex +2) [potion of mutation]
 14442 | Lair:2   | Gained mutation: You have a pair of small horns on your head. [potion of mutation]
 14443 | Lair:2   | Lost mutation: You are agile. (Dex +2) [potion of mutation]
 14443 | Lair:2   | Lost mutation: You have a pair of small horns on your head. [potion of mutation]
 14443 | Lair:2   | Gained mutation: You possess an exceptional clarity of mind. [potion of mutation]
 14443 | Lair:2   | Gained mutation: You have a pair of small horns on your head. [potion of mutation]
 14469 | Lair:2   | Noticed a six-headed hydra
 14472 | Lair:2   | Noticed a six-headed hydra
 14477 | Lair:2   | Killed a six-headed hydra
 14514 | Lair:2   | Killed a six-headed hydra
 14551 | Lair:2   | Noticed Prince Ribbit
 14559 | Lair:2   | Killed Prince Ribbit
 15691 | Lair:3   | Got a translucent cloak
 15702 | Lair:3   | Identified the +4 cloak of Pride {+Fly} (You found it on level 3 of the Lair of Beasts)
 16248 | Lair:3   | You fall through a shaft for 3 floors!
 16248 | Lair:6   | Entered Level 6 of the Lair of Beasts
 16430 | Lair:5   | Reached skill level 10 in Dodging
 16615 | Lair:4   | Noticed a six-headed hydra
 16617 | Lair:4   | Killed a six-headed hydra
 16751 | Lair:4   | Quit the game

Vault maps used:
D:1:      dpeg_arrival_line_fractal
D:3:      first_bread
D:4:      interstate_on_off, corexii_leaking_fountain, grunt_ministairs_14,
          minmay_unequal, uniq_duvessa
D:5:      lemuel_upstairs_altar, minmay_temple_entry_mist
D:6:      kennysheep_slug_shrine, serial_shops, shop, minmay_gold_behind_fungi
D:8:      uniq_grum
D:9:      orc_0_dummy
D:10:     minmay_blocky_corners, david_lair_shrubbed, serial_shops, shop,
          hangedman_ranch, fedhas_altar_1
Temple:   regret_index_temple_sigil_plot
Lair:1:   minmay_lair_oklob_chamber
Lair:2:   minmay_shoals_entry_centaurs, roderic_carrion_pond,
          uniq_prince_ribbit2
Lair:3:   spider_nest_entry_a, st_stairs_8, infiniplex_staircase_pool_2
Lair:4:   uniq_rupert
Lair:6:   grunt_lair_end_beastmaster, slime_dummy, small_statue_intersection,
          minmay_lair_oklob_items, grunt_megastairs_3

Skill      XL: |  1  2  3  4  5  6  7  8  9 10 11 12 |
---------------+-------------------------------------+-----
Stealth        | 5 6 7 8 10 | 10.5
Short Blades   | 2 3 4 6 8 |  8.0
Spellcasting   | 3 4 6 7 10 | 10.0
Hexes          | 4 5 7 8 9 12 | 12.0
Fighting       | 2 4 5 7 8 |  8.8
Dodging        | 4 7 9 10 | 10.3
Shields        | 2 5 6 |  6.8

Action                   |  1- 3 |  4- 6 |  7- 9 | 10-12 || total
-------------------------+-------+-------+-------+-------++-------
Melee: Dagger            |   158 |    82 |   228 |   451 ||   919
       Headbutt          |       |       |       |    73 ||    73
 Cast: Ensorcelled Hiber |    12 |    19 |    96 |   220 ||   347
       Confuse           |       |     3 |    14 |    48 ||    65
       Dazzling Spray    |       |       |     1 |     6 ||     7
       Tukima's Dance    |       |       |       |     3 ||     3
Evoke: Wand              |       |       |       |     2 ||     2
  Use: Scroll            |       |     8 |     2 |     5 ||    15
       Potion            |       |       |       |     7 ||     7
 Stab: Sleeping          |    15 |    19 |    60 |   138 ||   232
       Confused          |       |     3 |    11 |    23 ||    37
       Distracted        |       |       |     1 |       ||     1
  Eat: Bread ration      |       |     1 |       |     2 ||     3
       Royal jelly       |       |       |     2 |       ||     2
Armor: Robe              |    11 |     6 |     5 |     5 ||    27
       Troll leather arm |       |       |       |    21 ||    21
Dodge: Dodged            |    96 |    30 |    93 |   223 ||   442
Block: Other             |       |       |     1 |     4 ||     5
       Buckler           |       |       |       |   212 ||   212
       Reflection        |       |       |       |     8 ||     8
